 Dungeon Crawl Stone Soup version 0.20.1-1-g8b1a95d66d (webtiles) character file.

3583 bimbo the Carver (level 9, -1/79 HPs)
             Began as a Minotaur Fighter on Dec 22, 2017.
             Was an Initiate of Gozag.
             Slain by a wolf (7 damage)
             ... on level 8 of the Dungeon.
             The game lasted 01:05:04 (8047 turns).

bimbo the Carver (Minotaur Fighter)                 Turns: 8047, Time: 01:05:04

Health: -1/79      AC: 17    Str: 23 (24) XL:     9   Next: 85%
Magic:  8/8        EV:  5    Int:  2 (5)  God:    Gozag
Gold:   948        SH: 17    Dex:  9 (10) Spells: 5/8 levels left

rFire    + + .     SeeInvis .   K - +8 trident of the Octopus King {venom, rElec rPois MR+}
rCold    . . .     Gourm    .   p - +0 large shield {rF+}
rNeg     . . .     Faith    .   j - +0 plate armour
rPois    +         Spirit   .   o - +2 hat
rElec    +         Reflect  .   (no cloak)
rCorr    +         Harm     .   h - +0 pair of gloves
MR       +....                  (no boots)
Stlth    ..........             E - amulet of rage
Regen    0.3/turn               n - ring of protection from fire
MPRegen  0.2/turn               x - ring of resist corrosion

@: no status effects
A: retaliatory headbutt, horns 2
a: Potion Petition, Call Merchant, Bribe Branch, Renounce Religion, Evoke
Berserk Rage


You were on level 8 of the Dungeon.
You worshipped Gozag.
Gozag was pleased with you.
You were not hungry.

You visited 2 branches of the dungeon, and saw 9 of its levels.

You collected 1251 gold pieces.
You spent 255 gold pieces at shops.
You paid 48 gold pieces to Gozag.

Inventory:

Hand Weapons
 a - a +0 long sword
 c - a +0 glaive
 g - a +0 hunting sling
 K - the +8 trident of the Octopus King (weapon) {venom, rElec rPois MR+}
   (You found it on level 7 of the Dungeon)

   It poisons the flesh of those it strikes.
   It insulates you from electricity.
   It protects you from poison.
   It affects your resistance to hostile enchantments.
Missiles
 k - 275 stones (quivered)
Armour
 b - a +0 scale mail
 h - a +0 pair of gloves (worn)
 j - a +0 plate armour (worn)
 o - a +2 hat (worn)
 p - a +0 large shield of fire resistance (worn)
Magical Staves
 q - an uncursed staff of energy {unknown}
Jewellery
 n - a ring of protection from fire (left hand)
 x - a ring of resist corrosion (right hand)
 E - an amulet of rage (around neck)
Wands
 t - a wand of flame (29/48)
 G - a wand of polymorph (15/24)
 J - a wand of clouds (5/9)
Scrolls
 e - 5 scrolls of identify
 l - 3 scrolls of remove curse {unknown}
 m - 4 scrolls of recharging
 u - 2 scrolls of enchant weapon {unknown}
 v - 2 scrolls of amnesia {unknown}
 w - a scroll of blinking {unknown}
 y - a scroll of teleportation {unknown}
 F - a scroll of noise {unknown}
 H - a scroll of random uselessness {unknown}
Potions
 d - 3 potions of might
 i - 2 potions of haste {unknown}
 s - a potion of flight {unknown}
 A - 2 potions of brilliance {unknown}
 B - a potion of agility {unknown}
 I - a potion of heal wounds {unknown}
Books
 D - a book of Maledictions

   Spells                             Type                      Level
   a - Corona                         Hexes                        1
   b - Ensorcelled Hibernation        Hexes/Ice                    2
   c - Confuse                        Hexes                        3
   d - Tukima's Dance                 Hexes                        3
   e - Dazzling Spray                 Conjuration/Hexes            3
Comestibles
 f - 5 bread rations
 r - a fruit
 C - 2 royal jellies


   Skills:
 + Level 7.5 Fighting
 + Level 9.3 Long Blades
 + Level 0.5 Polearms
 + Level 0.4 Slings
 + Level 8.5 Armour
 + Level 4.0 Dodging
 + Level 1.0 Stealth
 + Level 9.3 Shields
 + Level 0.5 Evocations


You had 5 spell levels left.
You knew the following spells:

 Your Spells              Type           Power        Failure   Level  Hunger
a - Tukima's Dance        Hex            #.......     100%        3    ####...


Dungeon Overview and Level Annotations

Branches:
Dungeon (8/15)             Temple (1/1) D:5
   Lair: D:8-11

Altars:
Ashenzari
Dithmenos
Elyvilon
Gozag
Kikubaaqudgha
Qazlal
Ru
Sif Muna
Xom
Zin
The Shining One

Shops:
D:8 }


Innate Abilities, Weirdness & Mutations

You reflexively headbutt those who attack you in melee.
You have a pair of horns on your head.


Message History

The two-headed ogre hits you with a giant club.
* * * LOW HITPOINT WARNING * * *
The wolf bites you but does no damage. x2
The hound barks!
You puncture the two-headed ogre!
The two-headed ogre is poisoned.
You headbutt the two-headed ogre.
The two-headed ogre is severely wounded.
You block the wolf's attack. x2; The wolf bites you.
* * * LOW HITPOINT WARNING * * *
You block the two-headed ogre's attack.
The two-headed ogre hits you with a giant club!
* * * LOW HITPOINT WARNING * * *
You block the wolf's attack.
Unknown command.
It was a potion of degeneration.
There was something very wrong with that liquid.
You feel weakened.
You feel dopey.
You feel clumsy. The wolf bites you!
You die...
Your body crumbles into a pile of gold.

#.#########.
#........... .#
#..####.....
...###♣>.........
..#♣.∩.♣#.#.#.#.
..#..♣.....>..#.
###.#.#.###.......
#h..#.#.......#.##
#@#.#.#########.#
#Oh...# #.#
#hW...# #.#
##...## #h..# $
#...# #..<#
####...# #.(....+


You could see a two-headed ogre, a phantom, 3 wolves and a hound.

Vanquished Creatures
  The ghost of leszekd25 the Chiller, a novice DrIE (D:6)
  The ghost of Alannah the Sneak, an amateur DsMo (D:3)
  3 hippogriffs
  A spriggan (D:7)
  A hungry ghost (D:5)
  2 sky beasts (D:7)
  An orc warrior (D:6)
  2 ice beasts
  An ogre (D:5)
  4 centaurs (D:6)
  2 bullfrogs
  A gnoll sergeant (D:7)
  A wyvern zombie (D:6)
  A scorpion (D:4)
  A howler monkey (D:6)
  4 crimson imps
  3 orc priests
  A bullfrog skeleton (D:6)
  A gnoll shaman (D:6)
  3 hounds
  2 iguanas
  5 orc wizards
  8 worker ants
  A worker ant zombie (D:5)
  A howler monkey zombie (D:7)
  Robin (D:2)
  16 gnolls
  9 adders
  An ooze (D:2)
  An adder zombie (D:7)
  3 worms
  A dart slug (D:2)
  3 leopard geckos
  20 orcs
  5 giant cockroaches
  12 goblins
  13 hobgoblins
  6 kobolds
  4 quokkas
  2 ball pythons
  5 bats
  4 frilled lizards
  A leopard gecko zombie (D:5)
  5 rats
164 creatures vanquished.

Notes
Turn   | Place    | Note
-------+----------+-------------------------------------------
     0 | D:1      | bimbo the Minotaur Fighter began the quest for the Orb.
     0 | D:1      | Reached XP level 1. HP: 19/19 MP: 0/0
   360 | D:1      | Reached XP level 2. HP: 25/27 MP: 1/1
  1074 | D:2      | Reached XP level 3. HP: 30/33 MP: 2/2
  1199 | D:2      | Noticed Robin
  1206 | D:2      | Killed Robin
  1433 | D:2      | Reached XP level 4. HP: 39/40 MP: 3/3
  2121 | D:3      | Found an opulent altar of Gozag.
  2130 | D:3      | Became a worshipper of Gozag Ym Sagoz the Greedy
  2188 | D:3      | Noticed Alannah's ghost (amateur DsMo)
  2213 | D:3      | Killed Alannah's ghost
  2213 | D:3      | Reached skill level 5 in Armour
  2213 | D:3      | Reached skill level 1 in Dodging
  2213 | D:3      | Reached skill level 5 in Shields
  2213 | D:3      | Reached XP level 5. HP: 28/46 MP: 4/4
  2213 | D:3      | Reached XP level 6. HP: 31/52 MP: 5/5
  2384 | D:3      | Found a shimmering altar of Xom.
  3619 | D:4      | Reached skill level 5 in Long Blades
  3732 | D:4      | Reached XP level 7. HP: 55/60 MP: 6/6
  3962 | D:5      | Entered Level 5 of the Dungeon
  3996 | D:5      | Found a staircase to the Ecumenical Temple.
  3997 | D:5      | Noticed a hungry ghost
  4036 | D:5      | Paralysed by fainting for 6 turns
  4067 | D:5      | Paralysed by fainting for 5 turns
  4076 | D:5      | Killed a hungry ghost
  4104 | D:5      | Reached skill level 5 in Fighting
  4287 | Temple   | Entered the Ecumenical Temple
  4415 | D:5      | Found a white marble altar of Elyvilon.
  4567 | D:5      | Reached XP level 8. HP: 69/69 MP: 7/7
  5080 | D:6      | Found a glowing silver altar of Zin.
  5863 | D:6      | Noticed leszekd25's ghost (novice DrIE)
  5887 | D:6      | Killed leszekd25's ghost
  5887 | D:6      | Reached XP level 9. HP: 23/78 MP: 8/8
  7365 | D:7      | Found a sacrificial altar of Ru.
  7439 | D:7      | Learned a level 3 spell: Tukima's Dance
  7453 | D:7      | Found an opulent altar of Gozag.
  7453 | D:7      | Found a shattered altar of Ashenzari.
  7985 | D:8      | Found Zagoabu's Gadget Emporium.
  7995 | D:8      | Reached skill level 1 in Stealth
  8009 | D:8      | Bought a wand of polymorph (15/24) for 255 gold pieces
  8028 | D:8      | Noticed a two-headed ogre
  8047 | D:8      | Slain by a wolf

Skill      XL: |  1  2  3  4  5  6  7  8  9 |
---------------+----------------------------+-----
Shields        | 4 5 6 8 9 |  9.3
Armour         | 4 5 6 7 8 |  8.5
Fighting       | 4 5 6 7 |  7.5
Long Blades    | 3 4 5 6 8 9 |  9.3
Dodging        | 1 2 3 4 |  4.0
Stealth        | 1 |  1.0
Polearms       | |  0.5
Slings         | |  0.4
Evocations     | |  0.5

Action                   |  1- 3 |  4- 6 |  7- 9 || total
-------------------------+-------+-------+-------++-------
Melee: Long sword        |    78 |   166 |   429 ||   673
       Headbutt          |    13 |    27 |    98 ||   138
       Trident           |       |       |    30 ||    30
 Fire: Hunting sling     |     6 |       |       ||     6
Evoke: Wand              |       |       |     2 ||     2
  Use: Potion            |       |     1 |     2 ||     3
       Scroll            |       |       |     3 ||     3
 Stab: Invisible         |       |       |     1 ||     1
       Paralysed         |       |       |     1 ||     1
  Eat: Chunk             |     2 |     1 |       ||     3
       Bread ration      |       |     1 |     4 ||     5
       Meat ration       |       |     1 |       ||     1
       Fruit             |       |       |     3 ||     3
       Royal jelly       |       |       |     3 ||     3
Armor: Scale mail        |    43 |    55 |   137 ||   235
       Plate armour      |       |       |    59 ||    59
Dodge: Dodged            |    26 |    31 |    65 ||   122
Block: Shield            |    39 |       |       ||    39
       Large shield      |     1 |   116 |   347 ||   464
       Rpst.: Long sword |     5 |     3 |    15 ||    23
